 Dungeon Crawl Stone Soup version 0.26-a0-43-g20b394c (webtiles) character file.

Game seed: 11452499299172890588

7619 rednit the Spear-Bearer (level 11, 0/126 HPs)
             Began as a Merfolk Ice Elementalist on June 3, 2020.
             Was an Elder of Sif Muna.
             Slain by an orc warrior
             ... wielding a +0 scimitar
              (15 damage)
             ... on level 9 of the Dungeon.
             The game lasted 01:00:43 (12703 turns).

rednit the Spear-Bearer (Merfolk Ice Elementalist) Turns: 12703, Time: 01:00:44

Health: 0/126      AC: -8    Str: 11    XL:     11   Next: 18%
Magic:  7/20       EV: 17    Int: 24    God:    Sif Muna [****..]
Gold:   575        SH:  0    Dex: 15    Spells: 5/22 levels left

rFire    . . .     SeeInvis .   G - +3 spear "Ometixul" {vamp, rC+}
rCold    + . .     Gourm    .   (no shield)
rNeg     . . .     Faith    +   a - +0 robe
rPois    .         Spirit   .   w - +1 helmet
rElec    .         Reflect  .   (no cloak)
rCorr    .         Harm     .   (no gloves)
MR       .....                  (no boots)
Stlth    ..........             e - amulet of faith
HPRegen  0.31/turn              k - ring of the Firefly {Str+3 Int+6}
MPRegen  0.17/turn              (no ring)

@: berserking, corroded, very slightly contaminated, drained, very quick
A: change form in water, swift swim, stealthy swim
a: Channel Magic, Forget Spell, Divine Exegesis, Renounce Religion


You were on level 9 of the Dungeon.
You worshipped Sif Muna.
Sif Muna was greatly pleased with you.
You were not hungry.

You visited 2 branches of the dungeon, and saw 11 of its levels.

You collected 575 gold pieces.

Inventory:

Hand Weapons
 E - the +5 halberd of Etea {drain, Str+6}
   (You took it off a big kobold on level 8 of the Dungeon)

   A truly terrible weapon, it drains the life of those it strikes.
   It affects your strength (+6).
 G - the +3 spear "Ometixul" (weapon) {vamp, rC+}
   (You found it on level 9 of the Dungeon)

   It inflicts no extra harm, but heals its wielder when it wounds a living foe.
   It protects you from cold.
Missiles
 l - 2 throwing nets
 t - 18 poisoned darts (quivered)
 I - 4 boomerangs of dispersal
Armour
 a - a +0 robe (worn)
 w - a +1 helmet (worn)
Jewellery
 e - an amulet of faith (around neck)
 k - the ring of the Firefly (left hand) {Str+3 Int+6}
   (You found it on level 6 of the Dungeon)

   [ring of intelligence]

   It affects your strength (+3).
   It affects your intelligence (+6).
 A - an uncursed amulet of the acrobat
 H - a +4 ring of slaying {unknown}
Wands
 b - a wand of iceblast (11)
 g - a wand of flame (14)
 F - a wand of digging (2)
Scrolls
 d - 3 scrolls of immolation
 j - 2 scrolls of enchant weapon {unknown}
 m - 5 scrolls of teleportation {unknown}
 p - a scroll of fear {unknown}
 r - 7 scrolls of remove curse
 u - 2 scrolls of amnesia {unknown}
 x - a scroll of fog {unknown}
 y - 4 scrolls of blinking
 C - a scroll of noise {unknown}
 D - a scroll of random uselessness {unknown}
Potions
 h - a potion of stabbing
 i - 3 potions of ambrosia
 n - 2 potions of might
 o - 3 potions of brilliance
 q - 3 potions of lignification
 s - 3 potions of curing
 v - 2 potions of heal wounds
Miscellaneous
 z - a phial of floods
Comestibles
 c - 24 rations


   Skills:
 - Level 7.0(6.4) Fighting
 + Level 11.4(10.7) Polearms
 - Level 7.8(7.1) Dodging
 - Level 2.1(1.6) Stealth
 - Level 6.0(5.3) Spellcasting
 - Level 2.8(2.2) Conjurations
 - Level 5.0(4.3) Charms
 - Level 5.0(4.3) Summonings
 - Level 7.4(6.7) Ice Magic
 - Level 2.7(2.1) Air Magic


You had 5 spell levels left.
You knew the following spells:

 Your Spells              Type           Power        Failure   Level  Hunger
a - Freeze                Ice            ####         1%          1    None
b - Frozen Ramparts       Ice            #####.       1%          3    ##.....
c - Ozocubu's Armour      Chrm/Ice       ####....     2%          3    ##.....
d - Summon Ice Beast      Ice/Summ       ####....     9%          4    ####...
e - Freezing Cloud        Conj/Ice/Air   ###.......   96%         6    #######

Your spell library contained the following spells:

 Spells                   Type           Power        Failure   Level  Hunger
 Ensorcelled Hibernation  Hex/Ice        ###...       3%          2    None
 Corona                   Hex            #......      9%          1    None
 Passwall                 Tmut/Erth      #.......     13%         2    None
 Hailstorm                Conj/Ice       ####....     13%         4    ####...
 Dazzling Flash           Conj/Hex       ##....       16%         3    ##.....
 Confusing Touch          Hex            #.......     26%         3    ##.....
 Gell's Gravitas          Tloc           #.........   26%         3    ##.....
 Tukima's Dance           Hex            #.......     26%         3    ##.....
 Metabolic Englaciation   Hex/Ice        ###.......   52%         5    #####..
 Leda's Liquefaction      Hex/Erth       #.........   63%         4    ####...
 Petrify                  Tmut/Erth      #.......     63%         4    ####...
 Yara's Violent Unravell  Hex/Tmut       #.........   93%         5    #####..


Dungeon Overview and Level Annotations

Branches:
Dungeon (10/15)            Temple (1/1) D:5            Lair (0/6) D:9
    Orc: D:9-12

Altars:
Ashenzari
Cheibriados
Dithmenos
Elyvilon
Fedhas
Gozag
Hepliaklqana
Kikubaaqudgha
Makhleb
Nemelex Xobeh
Okawaru
Qazlal
Ru
Sif Muna
Trog
Uskayaw
Vehumet
Wu Jian
Xom
Yredelemnul
Zin
The Shining One

Annotations:
D:7 1 runed translucent door, Crazy Yiuf
D:9 Erica


Message History

You hit the rust devil.
The rust devil is heavily wounded.
The rust devil hits you.
* * * LOW HITPOINT WARNING * * *
The rust devil corrodes you! The rust devil closely misses you.
You hit the rust devil but do no damage.
The rust devil is heavily wounded.
The orc warrior completely misses you. The orc warrior closely misses you.
You hit the rust devil.
The rust devil is heavily wounded.
You hit the rust devil but do no damage.
The rust devil is heavily wounded.
The rust devil barely misses you. The rust devil completely misses you.
You hit the rust devil but do no damage.
The rust devil is heavily wounded.
The orc warrior closely misses you.
You hit the rust devil.
The rust devil is severely wounded.
The orc warrior hits you with a +0 scimitar!
You die...

....<............# ###
.................########.#
##'############'##.##.....#####
#.........................#...#
#...........)............#....###
#.......................)#.......
#..................[.....#.......
#..............###.......#......>
'............###@###.....#.......
##..###..##.##♣o44♣##....##...##.
##..######..#)..o..)#..).##...##.
#(.........###.....###...#.......
#..........# +..8..+ #...#.......
#..........###.....###...#.......
######......#).....)#....#.......
#...##......##♣...♣##....#....##.
#...##...##..###§###.....##...##.


You could see 2 rust devils and 2 orc warriors.

Vanquished Creatures
  A hydra (D:8)
  A komodo dragon (D:9)
  3 trolls (D:9)
  A dream sheep (D:8)
  A yak (D:8)
  2 wyverns (D:9)
  A sky beast (D:4)
  A swamp drake (D:9)
  A water moccasin (D:7)
  2 slaves (D:9)
  An ice beast (D:7)
  3 phantoms
  5 ogres
  A necrophage (D:5)
  3 crocodiles (D:9)
  3 big kobolds (D:8)
  5 bullfrogs
  2 scorpions
  4 killer bees (D:9)
  2 wights (D:7)
  A crimson imp (D:6)
  5 hounds
  2 orc priests
  A centaur skeleton (D:4)
  8 orc wizards
  4 iguanas
  6 worker ants
  Natasha (D:2)
  Ijyb (D:3)
  A killer bee zombie (D:8)
  2 worker ant zombies (D:7)
  14 gnolls
  A howler monkey zombie (D:7)
  8 adders
  An ooze (D:1)
  An adder zombie (D:7)
  3 worms
  3 dart slugs
  6 leopard geckos
  24 orcs
  9 bats
  2 bat zombies (D:3)
  4 giant cockroaches (D:1)
  18 goblins
  13 hobgoblins
  7 jackals
  12 kobolds
  6 quokkas
  2 ball pythons (D:2)
  4 frilled lizards
  A giant cockroach zombie (D:5)
  A quokka zombie (D:5)
  6 rats
  2 rat zombies (D:3)
223 creatures vanquished.

Vanquished Creatures (collateral kills)
  A two-headed ogre (D:9)
  Pikel (D:9)
  A centaur skeleton (D:10)
  A dream sheep (D:8)
  A yak (D:8)
  A hungry ghost (D:9)
  3 orc warriors
  2 ice beasts
  A centaur (D:8)
  A big kobold (D:8)
  A nameless horror (D:7)
  A gnoll sergeant (D:7)
  A scorpion (D:8)
  2 wights (D:7)
  3 howler monkeys (D:8)
  A crimson imp (D:8)
  2 orc priests
  2 hounds
  A jelly (D:7)
  A quasit (D:9)
  5 orc wizards
  A worker ant (D:8)
  4 gnolls (D:7)
  An adder zombie (D:7)
  5 orcs
44 creatures vanquished.

Vanquished Creatures (others)
  2 slaves (D:9)
  3 plants (D:8)
5 creatures vanquished.

Grand Total: 272 creatures vanquished

Notes
Turn   | Place    | Note
-------+----------+-------------------------------------------
     0 | D:1      | rednit the Merfolk Ice Elementalist began the quest for the
                  | Orb.
     0 | D:1      | Reached XP level 1. HP: 13/13 MP: 3/3
   209 | D:1      | Reached XP level 2. HP: 19/19 MP: 5/5
   732 | D:1      | Reached skill level 5 in Ice Magic
   843 | D:2      | Reached XP level 3. HP: 22/24 MP: 3/6
   950 | D:2      | Learned a level 3 spell: Frozen Ramparts
  1369 | D:2      | Reached XP level 4. HP: 24/30 MP: 0/7
  1919 | D:2      | Noticed Natasha
  1923 | D:2      | Killed Natasha
  1923 | D:2      | Reached XP level 5. HP: 35/35 MP: 5/9
  2023 | D:2      | Found a glowing golden altar of the Shining One.
  2457 | D:3      | Found an ancient bone altar of Kikubaaqudgha.
  2785 | D:3      | Reached XP level 6. HP: 37/41 MP: 6/10
  2850 | D:3      | Noticed Ijyb
  2882 | D:3      | Killed Ijyb
  3348 | D:3      | Found a shadowy altar of Dithmenos.
  3403 | D:4      | Reached skill level 5 in Dodging
  3443 | D:4      | Noticed a sky beast
  3450 | D:4      | Killed a sky beast
  3450 | D:4      | Reached XP level 7. HP: 29/46 MP: 8/12
  3569 | D:4      | Learned a level 3 spell: Ozocubu's Armour
  3574 | D:4      | Learned a level 4 spell: Summon Ice Beast
  3635 | D:4      | Reached skill level 1 in Charms
  3635 | D:4      | Reached skill level 1 in Summonings
  4018 | D:4      | Identified the Volume of the Freezing Mountains
  4622 | D:5      | Entered Level 5 of the Dungeon
  4690 | D:5      | Found a shimmering altar of Xom.
  4703 | D:5      | Found a staircase to the Ecumenical Temple.
  4709 | D:5      | Reached XP level 8. HP: 51/52 MP: 10/14
  4726 | Temple   | Entered the Ecumenical Temple
  4783 | Temple   | Became a worshipper of Sif Muna the Loreminder
  5432 | D:5      | Found a stormy altar of Qazlal.
  5699 | D:6      | Got a fine jade ring
  5822 | D:6      | Reached * piety under Sif Muna
  6252 | D:6      | Identified the ring of the Firefly {Str+3 Int+6} (You found
                  | it on level 6 of the Dungeon)
  6880 | D:6      | Reached skill level 5 in Charms
  6881 | D:6      | Reached ** piety under Sif Muna
  7419 | D:7      | Reached skill level 5 in Spellcasting
  7423 | D:7      | Reached skill level 1 in Fighting
  7486 | D:7      | Reached skill level 5 in Summonings
  7511 | D:7      | Found a glowing silver altar of Zin.
  7537 | D:7      | Reached XP level 9. HP: 61/61 MP: 5/16
  8028 | D:7      | Reached *** piety under Sif Muna
  8084 | D:7      | Found a runed translucent door.
  8085 | D:7      | Noticed Crazy Yiuf
  8807 | D:7      | Reached skill level 5 in Fighting
  9935 | D:8      | Found an ornate altar of the Wu Jian Council.
 10023 | D:8      | Found a shattered altar of Ashenzari.
 10287 | D:8      | Learned a level 6 spell: Freezing Cloud
 10324 | D:8      | Reached skill level 1 in Conjurations
 10324 | D:8      | Reached skill level 1 in Air Magic
 10324 | D:8      | Reached XP level 10. HP: 67/78 MP: 14/17
 10331 | D:8      | Identified the +5 halberd of Etea {drain, Str+6}
 10336 | D:8      | Reached **** piety under Sif Muna
 10338 | D:8      | Noticed a three-headed hydra
 10368 | D:8      | Killed a three-headed hydra
 10649 | D:8      | Reached skill level 1 in Polearms
 10821 | D:9      | Noticed Erica
 10844 | D:9      | Reached skill level 2 in Polearms
 11100 | D:9      | Noticed Pikel
 11110 | D:9      | Killed Pikel
 11110 | D:9      | Reached skill level 4 in Polearms
 11200 | D:9      | Found a sparkling altar of Nemelex Xobeh.
 11322 | D:9      | Found a sacrificial altar of Ru.
 11329 | D:9      | Reached skill level 5 in Polearms
 11414 | D:9      | Reached skill level 6 in Polearms
 11488 | D:9      | Reached skill level 7 in Polearms
 11508 | D:9      | Reached skill level 8 in Polearms
 11525 | D:9      | Reached skill level 9 in Polearms
 11557 | D:9      | Noticed a two-headed ogre
 11568 | D:9      | Killed a two-headed ogre
 11568 | D:9      | Reached skill level 10 in Polearms
 11568 | D:9      | Reached XP level 11. HP: 84/84 MP: 13/20
 11581 | D:9      | Got a shimmering spear
 11582 | D:9      | Identified the cursed +3 spear "Ometixul" {vamp, rC+} (You
                  | found it on level 9 of the Dungeon)
 11651 | D:9      | Found a staircase to the Lair.
 12024 | D:9      | Reached skill level 11 in Polearms
 12046 | D:9      | Paralysed by Erica for 4 turns
 12509 | D:10     | Entered Level 10 of the Dungeon
 12703 | D:9      | Slain by an orc warrior

Illustrated notes

Levels and vault maps discovered:
D:1:      scummos_arrival_hexagon, layout_loops_ring, minmay_worlds_worst_comb
D:2:      layout_loops_ring, tso_altar, first_ration, uniq_natasha
D:3:      kennysheep_the_goblin_king, layout_rooms,
          lemuel_zombie_altar_kikubaaqudgha,
          nicolae_dithmenos_through_a_glass_darkly
D:4:      layout_basic
D:5:      layout_rooms, kennysheep_mini, nicolae_qazlal_eye_of_the_storm,
          minmay_temple_entry_tees
D:6:      corexii_shantytown, layout_loops_ring
D:7:      layout_loops_ring, zin_scriptorium, uniq_crazy_yiuf_cottage
D:8:      layout_cave_pools, lemuel_round_altar, nicolae_overflow_hidden_temple,
          hangedman_ranch [blue_anna_fruit_fields]
D:9:      cheibrodos_iron_armory, layout_gridville, lemuel_doored_altar,
          lemuel_coloured_pillars_altar, erik_lair_dragon,
          unseen_surprise_small, uniq_erica, uniq_pikel
D:10:     layout_irregular_city
Temple:   nicolae_temple_hex_pool

Skill      XL: |  1  2  3  4  5  6  7  8  9 10 11 |
---------------+----------------------------------+-----
Dodging        | 3 4 5 7 |  7.8
Ice Magic      | 5 6 7 |  7.4
Spellcasting   | 3 4 5 6 |  6.0
Charms         | 2 5 |  5.0
Summonings     | 2 5 |  5.0
Fighting       | 2 7 |  7.0
Conjurations   | 1 2 |  2.8
Air Magic      | 1 2 |  2.7
Polearms       | 10 11 | 11.4
Stealth        | |  2.1

Action                   |  1- 3 |  4- 6 |  7- 9 | 10-12 || total
-------------------------+-------+-------+-------+-------++-------
Melee: Mace              |     7 |       |       |       ||     7
       Spear             |    34 |     4 |       |    67 ||   105
       Halberd           |       |    79 |    64 |    28 ||   171
       Trident           |       |       |   191 |     8 ||   199
Throw: Dart              |     8 |    21 |    39 |    14 ||    82
       Throwing net      |     1 |       |       |       ||     1
 Cast: Freeze            |    26 |    11 |       |       ||    37
       Frozen Ramparts   |     2 |    13 |    44 |    19 ||    78
       Ozocubu's Armour  |       |       |     5 |     1 ||     6
       Summon Ice Beast  |       |       |    42 |    20 ||    62
  Use: Scroll            |     1 |     6 |     4 |     7 ||    18
       Potion            |       |       |     1 |     2 ||     3
 Stab: Sleeping          |     5 |     6 |    11 |     1 ||    23
       Distracted        |       |     1 |     5 |     1 ||     7
  Eat: Chunk             |     2 |     8 |    19 |     2 ||    31
       Ration            |       |       |     3 |     3 ||     6
Armor: Robe              |    12 |    29 |    31 |    13 ||    85
Dodge: Dodged            |    21 |    78 |   169 |    79 ||   347

Table legend:
 A = Non-vault XP
 B = Vault XP
 C = Vault XP percentage of total XP
 D = Non-vault monster count
 E = Vault monster count
 F = Vault count percentage of total count
                 A         B        C        D         E       F
            +---------+---------+-------+---------+---------+-------
      Total |    7100 |    3785 |  34.8 |     205 |      59 |  22.3
            +---------+---------+-------+---------+---------+-------
        D:1 |      23 |       8 |  25.8 |       9 |       4 |  30.8
        D:2 |     110 |      35 |  24.1 |      25 |       1 |   3.8
        D:3 |     232 |      51 |  18.0 |      32 |      11 |  25.6
        D:4 |     713 |       0 |   0.0 |      15 |       0 |   0.0
        D:5 |     511 |       0 |   0.0 |      16 |       0 |   0.0
        D:6 |     351 |      92 |  20.8 |      16 |      27 |  62.8
        D:7 |    1205 |       0 |   0.0 |      40 |       0 |   0.0
        D:8 |    1216 |    1914 |  61.2 |      34 |       8 |  19.0
        D:9 |    2499 |    1685 |  40.3 |      17 |       8 |  32.0
       D:10 |     240 |       0 |   0.0 |       1 |       0 |   0.0
            +---------+---------+-------+---------+---------+-------
